 Dungeon Crawl Stone Soup version 0.24.0-123-gd5b16e6ec5 (webtiles) character file.

Game seed: 13363176895854803722, levelgen mode: deterministic

358 Martska the Chiller (level 6, -2/46 HPs)
             Began as a Merfolk Ice Elementalist on Jan 26, 2020.
             Was an Initiate of Okawaru.
             Killed from afar by an orc wizard (8 damage)
             ... with a magic dart
             ... on level 5 of the Dungeon.
             The game lasted 00:22:37 (7309 turns).

Martska the Chiller (Merfolk Ice Elementalist)      Turns: 7309, Time: 00:22:37

Health: -2/46      AC: 10    Str:  9    XL:     6   Next: 64%
Magic:  10/10      EV: 10    Int: 14    God:    Okawaru [......]
Gold:   312        SH:  0    Dex: 16    Spells: 3/11 levels left

rFire    . . .     SeeInvis .   k - +0 trident
rCold    + . .     Gourm    .   (no shield)
rNeg     . . .     Faith    .   b - +3 leather armour
rPois    .         Spirit   .   (no helmet)
rElec    .         Reflect  .   y - +1 cloak
rCorr    .         Harm     .   B - +0 pair of gloves
MR       .....                  E - +0 pair of boots
Stlth    +.........             (no amulet)
HPRegen  0.15/turn              x - ring of protection from fire
MPRegen  0.12/turn              t - ring of ice

@: very slightly contaminated, very heavily drained
A: change form in water, swift swim, stealthy swim
a: Renounce Religion


You were on level 5 of the Dungeon.
You worshipped Okawaru.
Okawaru was noncommittal.
You were not hungry.

You visited 1 branch of the dungeon, and saw 6 of its levels.

You collected 312 gold pieces.

Inventory:

Hand Weapons
 d - a +0 dagger
 e - a +0 spear
 k - a +0 trident (weapon)
 r - a +0 quarterstaff
 u - a +0 trident
 C - a +1 dagger of draining
Armour
 a - a +0 robe
 b - a +3 leather armour (worn)
 y - a +1 cloak (worn)
 B - a +0 pair of gloves (worn)
 E - a +0 pair of boots (worn)
Magical Staves
 q - an uncursed staff of death {unknown}
Jewellery
 m - an uncursed ring of protection from cold
 p - an uncursed amulet of inaccuracy
 t - a ring of ice (right hand)
 x - a ring of protection from fire (left hand)
Scrolls
 f - a scroll of blinking {unknown}
 g - 2 scrolls of immolation {unknown}
 h - a scroll of enchant armour
 j - 3 scrolls of identify {unknown}
 o - a scroll of random uselessness {unknown}
 s - a scroll of magic mapping {unknown}
 v - a scroll of teleportation
 w - 2 scrolls of fear {unknown}
 D - a scroll of enchant weapon {unknown}
Potions
 i - a potion of might {unknown}
 l - 2 potions of brilliance {unknown}
 n - 3 potions of curing {unknown}
 z - a potion of berserk rage {unknown}
 A - a potion of resistance {unknown}
Comestibles
 c - 8 rations


   Skills:
 + Level 2.5(0.0) Fighting
 + Level 3.0(0.0) Polearms
 + Level 4.3(0.0) Dodging
 + Level 3.8(0.0) Stealth
 + Level 3.0(0.0) Spellcasting
 - Level 0.7(0.0) Conjurations
 + Level 1.5(0.0) Charms
 + Level 4.3(0.0) Ice Magic


You had 3 spell levels left.
You knew the following spells:

 Your Spells              Type           Power        Failure   Level  Hunger
a - Freeze                Ice            #...         38%         1    ##.....
b - Ozocubu's Armour      Chrm/Ice       #.......     77%         3    ####...
c - Throw Icicle          Conj/Ice       #.......     99%         4    #####..

Your spell library contained the following spells:

 Spells                   Type           Power        Failure   Level  Hunger
 Throw Frost              Conj/Ice       #.....       52%         2    ###....
 Summon Ice Beast         Ice/Summ       #.......     99%         4    #####..


Dungeon Overview and Level Annotations

Branches:
Dungeon (6/15)             Temple (0/1) D:6

Altars:
Cheibriados
Dithmenos
Nemelex Xobeh
Okawaru
Trog


Message History

The orc wizard shouts!
A quokka comes into view.
Your surroundings suddenly seem different.
An orc comes into view. It is wielding a +0 hand axe.
The orc shouts!
An orc wizard comes into view. It is wielding a +0 dagger.
The orc throws a boomerang.
The boomerang hits you.
* * * LOW HITPOINT WARNING * * *
The weapon returns to the orc!
The orc wizard points at you and mumbles some strange words.
The magic dart hits you.
* * * LOW HITPOINT WARNING * * *
The ogre shouts!
The quokka bites you but does no damage.
The quokka closely misses you.
The orc wizard casts a spell.
The orc wizard seems to speed up.
The quokka misses you. The orc wizard casts a spell at you.
The magic dart hits you!
You die...

......o# .#..########
.......# .#oo#.......
.......# .#....# ......O#
#.#.#..#
####+#.####.#....# #
#.............#
######.##.#.##..r#
.....#....O..#...#########
........W....#..@..(.....#
####.#....#..O......####.#
# #.......#....#s####W# #
#............#.#....# #
#...........>..#.#### #
#...........####.# .
#.#...........# #.# #
#...<...#.#...# #W# ##
#####...#.....# #.#


You could see an ogre, a scorpion, an orc wizard, an orc and a quokka.

Vanquished Creatures
  A crimson imp (D:5)
  A centaur skeleton (D:4)
  3 orc priests
  An orc wizard (D:4)
  2 worker ants (D:4)
  A killer bee zombie (D:5)
  3 adders
  An ooze (D:1)
  4 worms
  2 dart slugs
  3 leopard geckos
  6 orcs
  4 ball pythons
  2 giant cockroaches
  5 goblins
  7 hobgoblins
  2 jackals (D:4)
  6 kobolds
  A quokka (D:5)
  6 bats
  5 frilled lizards
  A jackal skeleton (D:4)
  7 rats
74 creatures vanquished.

Notes
Turn   | Place    | Note
-------+----------+-------------------------------------------
     0 | D:1      | Martska the Merfolk Ice Elementalist began the quest for
                  | the Orb.
     0 | D:1      | Reached XP level 1. HP: 13/13 MP: 3/3
   299 | D:1      | Reached XP level 2. HP: 6/20 MP: 0/5
  1172 | D:1      | Reached skill level 1 in Fighting
  1259 | D:1      | Reached XP level 3. HP: 23/26 MP: 1/6
  1433 | D:2      | Found an iron altar of Okawaru.
  1454 | D:2      | Became a worshipper of Warmaster Okawaru
  2281 | D:2      | Found a bloodstained altar of Trog.
  2344 | D:2      | Found a sparkling altar of Nemelex Xobeh.
  2558 | D:3      | Reached XP level 4. HP: 8/32 MP: 2/7
  3366 | D:3      | Reached skill level 1 in Polearms
  3936 | D:3      | Learned a level 3 spell: Ozocubu's Armour
  3941 | D:3      | Learned a level 4 spell: Throw Icicle
  4134 | D:3      | Found a shadowy altar of Dithmenos.
  4140 | D:3      | Reached XP level 5. HP: 21/38 MP: 3/8
  5443 | D:4      | Reached skill level 1 in Charms
  5443 | D:4      | Reached XP level 6. HP: 35/44 MP: 1/10
  6020 | D:4      | Found a snail-covered altar of Cheibriados.
  6067 | D:5      | Entered Level 5 of the Dungeon
  6236 | D:5      | Noticed a phantom
  6622 | D:6      | Noticed an ice beast
  6876 | D:6      | Noticed a two-headed ogre
  7195 | D:6      | Found a staircase to the Ecumenical Temple.
  7207 | D:6      | Noticed an orc warrior
  7309 | D:5      | Killed from afar by an orc wizard

Levels and vault maps discovered:
D:1:      giann_wishing_wells, layout_basic, moated_statue
D:2:      layout_basic, okawaru_metal_pillars_3, lemuel_coloured_pillars_altar,
          old_standard_altar, hangedman_feature_mirror
D:3:      layout_basic, grunt_dithmenos_smoke_and_mirrors, first_ration
D:4:      minmay_door_path, layout_rooms, cheibriados_altar_1
D:5:      layout_basic, nrook_campfire, kennysheep_generic_room_14
D:6:      layout_basic, minmay_temple_entry_stoned_glass, uniq_prince_ribbit1,
          uniq_grinder

Skill      XL: |  1  2  3  4  5  6 |
---------------+-------------------+-----
Dodging        | 3 4 |  4.3
Fighting       | 1 2 |  2.5
Polearms       | 1 2 3 |  3.0
Stealth        | 3 |  3.8
Ice Magic      | 4 |  4.3
Charms         | 1 |  1.5
Spellcasting   | 3 |  3.0
Conjurations   | |  0.7

Action                   |  1- 3 |  4- 6 || total
-------------------------+-------+-------++-------
Melee: Dagger            |    65 |       ||    65
       Unarmed           |     1 |       ||     1
       Trident           |    11 |   119 ||   130
 Cast: Freeze            |    36 |    62 ||    98
       Ozocubu's Armour  |       |     2 ||     2
  Use: Scroll            |     3 |     6 ||     9
 Stab: Sleeping          |     5 |     4 ||     9
       Distracted        |       |     1 ||     1
  Eat: Chunk             |     4 |       ||     4
       Ration            |     1 |     5 ||     6
Armor: Leather armour    |    17 |    72 ||    89
Dodge: Dodged            |    63 |   126 ||   189
